 Dungeon Crawl Stone Soup version 0.30.0-29-ga12c61a403 (webtiles) character file.

Game seed: 14796753700396939618

24 shaggyschweig the Covered (level 3, -3/23 HPs)
             Began as a Gargoyle Fighter on June 7, 2023.
             Slain by a worm (6 damage)
             ... on level 2 of the Dungeon.
             The game lasted 00:05:59 (813 turns).

shaggyschweig the Covered (Gargoyle Fighter)         Turns: 813, Time: 00:05:59

Health: -3/23      AC: 12    Str: 21    XL:     3   Next: 2%
Magic:  3/3        EV:  7    Int:  8    God:
Gold:   63         SH:  4    Dex:  9    Spells: 2/2 levels left

rFire   . . .        a - +0 flail
rCold   . . .        c - +0 buckler
rNeg    + . .        o - +0 chain mail
rPois   ∞            (no helmet)
rElec   +            (no cloak)
rCorr   .            (no gloves)
SInv    .            (no boots)
Will    .....        (no amulet) Stlth
                     (no ring)
HPRegen 0.23/turn    (no ring)
MPRegen 0.08/turn

%: no passive effects
@: no status effects
A: sickness immunity, AC +3, negative energy resistance 1, electricity
resistance, torment resistance 1, petrification resistance
a: no special abilities


You were on level 2 of the Dungeon.
You visited 1 branch of the dungeon, and saw 2 of its levels.

You collected 63 gold pieces.

Inventory:

Hand Weapons
 a - a +0 flail (weapon)
Missiles
 f - 3 boomerangs (quivered)
Armour
 b - a +0 scale mail
 c - a +0 buckler (worn)
 o - a +0 chain mail (worn)
Scrolls
 m - a scroll of enchant armour {unknown}
 n - a scroll of identify {unknown}
Potions
 d - 2 potions of might
 e - 2 potions of magic {unknown}
 g - a potion of lignification {unknown}
 h - a potion of haste {unknown}
 i - a potion of ambrosia {unknown}
 j - a potion of brilliance {unknown}
 k - a potion of degeneration {unknown}
 l - a potion of heal wounds {unknown}


   Skills:
 + Level 3.6 Fighting
 + Level 2.4 Maces & Flails
 + Level 3.6 Armour
 + Level 3.6 Shields


You had 2 spell levels left.
You didn't know any spells.
Your spell library was empty.

Dungeon Overview and Level Annotations

Branches:
Dungeon (2/15)

Altars:


Innate Abilities, Weirdness & Mutations

You are immune to sickness and miasma.
Your stone body is resilient. (AC +3)
You are immune to poison.
You resist negative energy. (rN+)
You are resistant to electric shocks. (rElec)
You are resistant to unholy torment.
You are immune to petrification.


Message History

You kill the ball python!
The orc hits you but does no damage. The orc barely misses you.
You hit the orc.
The orc is heavily wounded.
You block the orc's attack.
You barely miss the orc.
The orc is heavily wounded.
The orc hits you but does no damage.
You sock the orc!
You kill the orc!
The worm bites you but does no damage.
You have reached level 3!
Your experience leads to an increase in your attributes!
Increase (S)trength, (I)ntelligence, or (D)exterity?
You feel stronger. x2
You hit the worm but do no damage. You hit the worm.
The worm is lightly wounded.
The worm bites you!
You barely miss the worm. The worm bites you!
* * * LOW HITPOINT WARNING * * *
You sock the worm!
The worm is moderately wounded.
You block the worm's attack.
You completely miss the worm.
The worm is moderately wounded.
The worm barely misses you.
You hit the worm.
The worm is heavily wounded.
You hit the worm but do no damage.
The worm is heavily wounded.
You block the worm's attack.
You hit the worm.
The worm is heavily wounded.
The worm bites you.
* * * LOW HITPOINT WARNING * * *
You hit the worm.
The worm is severely wounded.
The worm bites you.
You die...

.. #.............##.#
...####................+
..........#..........# #
..........##.........#+#
....).....##............
..........##............
.........!'..#..........
......)...##.#..#.......
.......@w.##.#..##+#....
..........##+#### #.##.
............. #.##.
............... #....
......!........ ####.
###.......##+#. ..
#.......# #. #.......#
..


You could see a worm.

Vanquished Creatures
  2 dart slugs (D:1)
  An orc (D:2)
  2 ball pythons (D:2)
  An endoplasm (D:1)
  2 goblins (D:1)
  2 hobgoblins (D:1)
  3 jackals (D:1)
  A quokka (D:2)
  A bat (D:1)
  A frilled lizard (D:1)
  A rat (D:1)
17 creatures vanquished.

Notes
Turn   | Place    | Note
-------+----------+-------------------------------------------
     0 | D:1      | shaggyschweig the Gargoyle Fighter began the quest for the
                  | Orb.
     0 | D:1      | Reached XP level 1. HP: 14/14 MP: 1/1
   248 | D:1      | Reached XP level 2. HP: 19/19 MP: 2/2
   805 | D:2      | Reached XP level 3. HP: 21/23 MP: 3/3
   813 | D:2      | Slain by a worm

Illustrated notes

Levels and vault maps discovered:
D:1:      heliophobic_arrival_ceremonial_halls, layout_loops_ring
D:2:      layout_basic

Action                     || total
---------------------------++-------
  Melee: Flail             ||    57
 Armour: Scale mail        ||    15
         Chain mail        ||    11
  Dodge: Dodged            ||    23
  Block: Buckler           ||    14
